 Dungeon Crawl Stone Soup version 0.31-a0-795-g5eb97db20b (webtiles) character file.

Game seed: 1765366279720864713

457 javelincjr the Magician (level 6, -5/41 HPs)
             Began as a Demonspawn Hedge Wizard on Sept 15, 2023.
             Killed by nerve-wracking pain
             ... invoked by a shadow imp
              (11 damage)
             ... on level 4 of the Dungeon on Sept 18, 2023.
             The game lasted 00:11:25 (3751 turns).

javelincjr the Magician (Demonspawn Hedge Wizard)   Turns: 3751, Time: 00:11:25

Health: -5/41      AC:  6    Str: 10    XL:     6   Next: 77%
Magic:  7/12       EV: 12    Int: 18    God:
Gold:   125        SH:  5    Dex: 12    Spells: 8/13 levels left

rFire   . . .        x - +4 sling
rCold   . . .        (no shield)
rNeg    . . .        b - +0 robe
rPois   .            c - +0 hat
rElec   .            i - +0 cloak
rCorr   .            w - +0 pair of gloves
SInv    .            (no boots)
Will    .....        g - amulet of reflection
Stlth   ++           o - ring of flight
HPRegen 0.26/turn    (no ring)
MPRegen 0.13/turn

%: reflection
@: flying
A: slimy green scales 1, spiny 1, demonic touch 2
a: no special abilities


You were on level 4 of the Dungeon.
You visited 1 branch of the dungeon, and saw 4 of its levels.

You collected 173 gold pieces.
You spent 48 gold pieces at shops.

Inventory:

Hand Weapons
 a - a +0 dagger
 f - a +1 dagger of venom
 x - a +4 sling (weapon)
Armour
 b - a +0 robe (worn)
 c - a +0 hat (worn)
 i - a +0 cloak (worn)
 w - a +0 pair of gloves (worn)
Magical Staves
 y - a staff of poison
Jewellery
 g - an amulet of reflection (around neck)
 o - a ring of flight (left hand)
Wands
 n - a wand of flame (14)
 p - a wand of polymorph (7)
Scrolls
 e - 2 scrolls of enchant armour {unknown}
 h - a scroll of revelation {unknown}
 k - 4 scrolls of identify {unknown}
 l - a scroll of teleportation {unknown}
 q - a scroll of blinking {unknown}
 t - a scroll of immolation {unknown}
 u - a scroll of noise {unknown}
 v - a scroll of vulnerability {unknown}
Potions
 d - a potion of magic
 j - a potion of might {unknown}
 m - a potion of brilliance {unknown}
 r - a potion of lignification {unknown}
 s - a potion of cancellation {unknown}
 z - a potion of curing {unknown}


   Skills:
 + Level 3.0 Dodging
 + Level 3.3 Stealth
 * Level 4.2 Spellcasting
 + Level 2.7 Conjurations
 + Level 2.7 Summonings
 + Level 2.5 Translocations


You had 8 spell levels left.
You knew the following spells:

 Your Spells              Type           Power      Damage    Failure   Level
a - Magic Dart            Conj           52%        1d5       4%          1
b - Blink                 Tloc           24%        N/A       8%          2
c - Call Imp              Summ           26%        N/A       7%          2

Your spell library contained the following spells:

 Spells                   Type           Power      Damage    Failure   Level
 Slow                     Hex            12%        N/A       14%         1
 Cigotuvi's Dreadful Rot  Necr/Pois/Air  6%         N/A       22%         2
 Mephitic Cloud           Conj/Pois/Air  7%         N/A       30%         3


Dungeon Overview and Level Annotations

Branches:
Dungeon (4/15)
 Temple: D:4-7

Altars:
Makhleb

Shops:
D:2 :(?**   D:3 *


Innate Abilities, Weirdness & Mutations

You are partially covered in slimy green scales. (AC +2)
You are partially covered in sharp spines.
Your touch may inflict irresistible damage on your foes.


Message History

You kill the ball python!
The white imp grins evilly.
The white imp completely misses your cerulean imp.
Your cerulean imp barely misses the shadow imp.
Casting: Magic Dart (safe; 4% risk of failure)
Confirm with . or Enter, or press ? or * to list all spells.
Aiming: Magic Dart (safe; 4% risk of failure)
Press: ? - help, Shift-Dir - straight line, f - shadow imp
Aim: a shadow imp (lightly wounded, ally target, 100% to hit)
The magic dart hits the shadow imp.
The shadow imp is lightly wounded.
The shadow imp gestures at you. Pain shoots through your body!
Your cerulean imp hits the shadow imp from afar with a -3 spear.
Casting: Magic Dart (safe; 4% risk of failure)
Confirm with . or Enter, or press ? or * to list all spells.
Aiming: Magic Dart (safe; 4% risk of failure)
Press: ? - help, Shift-Dir - straight line, f/p - shadow imp
Aim: a shadow imp (moderately wounded, ally target, 100% to hit)
The magic dart hits the shadow imp but does no damage.
The shadow imp is moderately wounded.
The shadow imp gestures at you. Pain shoots through your body!
* * * LOW HITPOINT WARNING * * *
The white imp lashes its tail.
Your cerulean imp barely misses the shadow imp.
The shadow imp grins evilly.
Your cerulean imp hits the shadow imp with a -3 spear.
Something barely misses your cerulean imp.
Your cerulean imp closely misses the shadow imp.
The shadow imp gestures at you. Pain shoots through your body!
* * * LOW HITPOINT WARNING * * *
Something closely misses your cerulean imp.
Your cerulean imp hits the shadow imp from afar with a -3 spear.
The shadow imp sputters.
Something hits your cerulean imp. Something freezes your cerulean imp.
The shadow imp gestures at you. Pain shoots through your body!
You die...

##........### ### ##...........#
##.### ##............. ##
##....## ##..............
....##†.#.5.### #...............
......5####.5.####...............
.........####...##...........†...
......5....###..............##...
......5.....####@.......########.
..............#...####### ##
..................# #
..................#
..................# ......#..#
.....##... ....# #... ..# #...


You could see a shadow imp (ally target) and a friendly cerulean imp (summoned).

Vanquished Creatures
  A centaur (D:4)
  A quasit (D:4)
  A jelly (D:3)
  An orc priest (D:3)
  A hound (D:4)
  Natasha (twice) (D:2)
  3 shadow imps (D:4)
  2 white imps (D:4)
  4 ufetubi (D:4)
  A worm (D:3)
  5 dart slugs
  6 orcs
  4 endoplasms
  A giant cockroach (D:3)
  3 goblins
  2 hobgoblins
  5 quokkas
  5 ball pythons
  5 bats
  2 frilled lizards
  4 kobolds
  2 rats (D:1)
61 creatures vanquished.

Vanquished Creatures (collateral kills)
  A scorpion (D:4)
  Natasha (D:2)
  A hobgoblin (D:2)
  A rat (D:2)
4 creatures vanquished.

Grand Total: 65 creatures vanquished

Notes
Turn   | Place    | Note
-------+----------+-------------------------------------------
     0 | D:1      | javelincjr the Demonspawn Hedge Wizard began the quest for
                  | the Orb.
     0 | D:1      | Reached XP level 1. HP: 13/13 MP: 4/4
   112 | D:1      | Reached skill level 1 in Translocations
   731 | D:1      | You fall into a shaft and drop 1 floor!
   745 | D:2      | Gained mutation: Your touch may inflict minor irresistible
                  | damage on your foes. [demonic ancestry]
   745 | D:2      | Reached XP level 2. HP: 19/19 MP: 4/6
   748 | D:2      | Learned a level 2 spell: Blink
   751 | D:2      | Learned a level 2 spell: Call Imp
   830 | D:2      | Found Nomn's General Store.
   997 | D:2      | Found Hato's Book Emporium.
  1010 | D:2      | Found Gupel's Antique Weapon Shop.
  1021 | D:2      | Found Tapseh's Magic Scroll Boutique.
  1052 | D:2      | Found Latzuh's Assorted Antiques.
  1057 | D:2      | Bought a scroll labelled ARAKLI QAUMMUNE for 24 gold pieces
  1057 | D:2      | Bought a scroll labelled ARAKLI QAUMMUNE for 24 gold pieces
  1073 | D:2      | Noticed Natasha
  1085 | D:2      | Killed Natasha
  1086 | D:2      | Gained mutation: You are partially covered in slimy green
                  | scales. (AC +2) [demonic ancestry]
  1086 | D:2      | Reached XP level 3. HP: 24/24 MP: 1/7
  1441 | D:2      | Noticed Natasha
  1447 | D:2      | Killed Natasha
  1448 | D:2      | Gained mutation: You are partially covered in sharp spines.
                  | [demonic ancestry]
  1448 | D:2      | Reached XP level 4. HP: 14/30 MP: 0/8
  1576 | D:2      | Noticed Natasha
  1592 | D:2      | Killed Natasha
  1749 | D:2      | Upgraded the game from 0.31-a0-765-g67fe2935dc to
                  | 0.31-a0-795-g5eb97db20b
  2148 | D:3      | Found Hawephoph's General Store.
  2306 | D:3      | Reached XP level 5. HP: 30/35 MP: 6/10
  2678 | D:3      | Found a burning altar of Makhleb.
  2955 | D:4      | Noticed an ogre
  3240 | D:4      | Gained mutation: Your touch may inflict irresistible damage
                  | on your foes. [demonic ancestry]
  3240 | D:4      | Reached XP level 6. HP: 31/41 MP: 0/11
  3437 | D:4      | Reached skill level 4 in Spellcasting
  3751 | D:4      | Killed from afar by a shadow imp

Illustrated notes

Levels and vault maps discovered:
D:1:      dpeg_arrival_round_c, layout_loops_corners
D:2:      layout_basic, serial_shops, nicolae_shop_just_a_little_nook,
          nicolae_shop_tiny_statue_garden, shop, shop, shop, uniq_natasha
D:3:      layout_loops_cross, grunt_temple_overflow_diamond, serial_shops,
          nicolae_shop_tiny_real_fake_doors, grunt_ministairs_4,
          chequers_serial_rivers_small_b, reono_crystal_passage
D:4:      layout_cave_pods, serial_demonic, serial_demonic_a, serial_demonic_f,
          serial_demonic_b, serial_demonic_c, uniq_eustachio

Skill      XL: |  1  2  3  4  5  6 |
---------------+-------------------+-----
Translocations | 1 2 |  2.5
Stealth        | 2 3 |  3.3
Dodging        | 2 3 |  3.0
Summonings     | 2 |  2.7
Conjurations   | 2 |  2.7
Spellcasting   | 4 |  4.2

Action                     |  1- 3 |  4- 6 || total
---------------------------+-------+-------++-------
  Melee: Dagger            |    17 |    41 ||    58
         Touch             |     2 |     7 ||     9
   Fire: Sling             |       |    23 ||    23
   Cast: Magic Dart        |    35 |    97 ||   132
         Call Imp          |     5 |     3 ||     8
   Stab: Sleeping          |     1 |     3 ||     4
 Armour: Robe              |     9 |    62 ||    71
         Skin              |     9 |     1 ||    10
  Dodge: Dodged            |     9 |    59 ||    68
  Block: Other             |     2 |    21 ||    23
         Reflection        |       |     1 ||     1

Table legend: (Time is in decaauts)
 A = Elapsed time spent in this place.
 B = Non-inter-level travel time spent in this place.
 C = Inter-level travel time spent in this place.
 D = Time resting spent in this place.
 E = Time spent auto-exploring this place.
 F = Levels seen in this place.
 G = Mean time per level.
                   A        B        C        D        E       F      G
               +--------+--------+--------+--------+--------+-----+--------+
         Total |   3758 |   3721 |     37 |     78 |   3152 |   4 |  939.5 |
       Dungeon |   3758 |   3721 |     37 |     78 |   3152 |   4 |  939.5 |
               +--------+--------+--------+--------+--------+-----+--------+

Top non-repeatable levels by time:
     D:3: 1065 daAuts
     D:2: 1037 daAuts
     D:4: 924 daAuts
     D:1: 730 daAuts
